Map: Oxide LE

Players

Ranger

  • Race: Protoss Protoss

StarDuck - Winner!

  • Race: Protoss Protoss

Event: DreamHack SC2 Masters 2021 Fall

VOD

Have the link to the VOD?

Description

Time

  • Played on: July 28, 2021, 4:59 a.m.
  • Length: 12:09

All games in this series

Show
View Real Time Build Order
Export as new Build Order

Ranger Protoss 

Build Orders: Oracle Opening 

Get SALT Encoding   

  12  0:00  Probe  
  13  0:12  Probe  
  14  0:22  Pylon  
  14  0:24  Probe  
  15  0:40  Gateway, Probe (Chrono Boost)  
  17  0:50  Assimilator, Probe (Chrono Boost)  
  17  0:55  Probe (Chrono Boost)  
  18  1:04  Assimilator  
  18  1:06  Probe  
  19  1:18  Probe  
  19  1:20  Pylon  
  20  1:27  Cybernetics Core  
  20  1:30  Probe  
  21  1:43  Probe  
  22  1:48  Zealot (Chrono Boost)  
  22  1:52  Pylon  
  24  1:55  Probe  
  24  2:03  Stargate  
  24  2:07  Probe  
  25  2:09  Adept  
  27  2:15  Warp Gate  
  27  2:19  Probe  
  28  2:34  Probe  
  29  2:43  Nexus  
  28  2:50  Oracle (Chrono Boost)  
  31  2:59  Pylon  
  31  3:06  Shield Battery  
  31  3:18  Oracle (Chrono Boost)  
  30  3:21  Probe  
  34  3:33  Twilight Council, Probe  
  35  3:38  Stalker  
  37  3:45  Probe  
  35  3:58  Probe (Chrono Boost)  
  35  4:01  Gateway  
  35  4:02  Probe (Chrono Boost)  
  37  4:08  Probe (Chrono Boost)  
  39  4:11  Probe (Chrono Boost)  
  39  4:14  Probe  
  39  4:15  Blink (Chrono Boost)  
  40  4:21  Probe  
  39  4:26  Probe  
  40  4:33  Probe  
  40  4:38  Probe  
  40  4:42  Stalker  
  40  4:45  Shield Battery, Probe  
  39  4:46  Gateway  
  39  4:50  Probe  
  41  4:54  Pylon  
  41  4:58  Probe  
  41  4:59  Stalker  
  43  5:02  Probe  
  43  5:05  Stalker  
  46  5:11  Pylon  
  46  5:12  Probe  
  47  5:16  Forge  
  47  5:20  Gateway, Probe  
  42  5:31  Stalker x2  
  42  5:35  Probe x2  
  48  5:42  Stalker  
  50  5:46  Pylon  
  50  5:47  Probe x2  
  52  5:55  Pylon  
  52  5:56  Stalker  
  54  5:59  Stalker  
  55  6:05  Stalker  
  57  6:11  Pylon  
  49  6:19  Pylon  
  48  6:30  Pylon  
  44  6:42  Void Ray (Chrono Boost)  
  42  6:49  Stalker  
  44  7:00  Probe x2 (Chrono Boost)  
  35  7:10  Probe (Chrono Boost)  
  35  7:14  Stalker  
  32  7:22  Probe x2  
  34  7:34  Pylon, Probe (Chrono Boost)  
  34  7:36  Probe (Chrono Boost)  
  36  7:39  Stalker  
  38  7:46  Probe (Chrono Boost)  
  38  7:51  Probe (Chrono Boost)  
  40  7:52  Probe (Chrono Boost)  
  40  7:58  Stalker, Probe (Chrono Boost)  
  44  7:59  Protoss Ground Weapons Level 1 (Chrono Boost)  
  44  8:02  Probe (Chrono Boost)  
  44  8:04  Sentry  
  47  8:06  Sentry  
  47  8:10  Probe (Chrono Boost)  
  50  8:18  Probe (Chrono Boost)  
  50  8:19  Probe (Chrono Boost)  
  52  8:20  Stalker  
  52  8:24  Stalker  
  54  8:33  Sentry, Stalker  
  54  8:44  Zealot  
  54  8:47  Zealot  
  50  8:59  Zealot x2  
  50  9:01  Probe x2  
  54  9:07  Nexus  
  54  9:12  Assimilator  
  54  9:14  Charge (Chrono Boost)  
  54  9:20  Adept  
  54  9:21  Adept  
  58  9:26  Sentry  
  58  9:27  Stalker  
  62  9:38  Gateway  
  62  9:46  Robotics Facility  
  62  9:47  Pylon  
  62  9:50  Pylon  
  62  9:53  Zealot  
  62  9:58  Stalker  
  66  10:05  Stalker  
  68  10:07  Stalker  
  68  10:14  Stalker  
  70  10:19  Probe x3  
  73  10:25  Stalker  
  75  10:29  Zealot  
  77  10:36  Stalker  
  77  10:39  Zealot  
  77  10:42  Zealot  
  79  10:55  Stalker x2  
  79  10:56  Zealot  
  80  11:08  Stalker  
  64  11:20  Stalker x2  
Show
View Real Time Build Order
Export as new Build Order

StarDuck Protoss - Winner!

Build Orders: Phoenix Opening 

Get SALT Encoding   

  12  0:00  Probe  
  13  0:12  Probe  
  14  0:19  Pylon  
  14  0:24  Probe (Chrono Boost)  
  15  0:37  Probe (Chrono Boost)  
  15  0:38  Gateway  
  16  0:45  Probe (Chrono Boost)  
  16  0:46  Assimilator  
  17  0:51  Probe  
  17  0:55  Assimilator  
  18  1:04  Probe  
  19  1:07  Pylon  
  19  1:16  Probe  
  20  1:25  Cybernetics Core  
  20  1:26  Zealot  
  20  1:29  Probe  
  23  1:41  Probe  
  24  1:53  Probe  
  25  2:02  Stargate  
  25  2:05  Adept (Chrono Boost)  
  27  2:20  Nexus  
  27  2:22  Warp Gate  
  27  2:27  Probe  
  28  2:34  Pylon  
  28  2:43  Shield Battery  
  28  2:49  Shield Battery  
  28  2:55  Phoenix (Chrono Boost)  
  30  3:00  Probe  
  31  3:11  Phoenix  
  31  3:13  Shield Battery, Probe  
  32  3:25  Probe (Chrono Boost)  
  33  3:30  Robotics Facility  
  33  3:36  Phoenix (Chrono Boost), Probe (Chrono Boost)  
  33  3:39  Probe (Chrono Boost)  
  37  3:47  Probe  
  35  3:49  Probe  
  35  3:53  Phoenix (Chrono Boost)  
  35  4:00  Probe  
  35  4:02  Probe  
  37  4:09  Shield Battery  
  37  4:12  Probe  
  37  4:14  Probe  
  37  4:17  Stalker  
  41  4:24  Probe  
  42  4:29  Immortal  
  38  4:42  Probe (Chrono Boost)  
  38  4:43  Probe (Chrono Boost)  
  40  4:47  Zealot  
  40  4:52  Probe x2 (Chrono Boost)  
  44  4:57  Probe x2 (Chrono Boost)  
  46  5:09  Probe x2  
  48  5:15  Immortal (Chrono Boost)  
  52  5:30  Probe (Chrono Boost)  
  52  5:35  Probe (Chrono Boost)  
  54  5:42  Twilight Council  
  54  5:43  Forge  
  54  5:49  Pylon  
  54  6:07  Probe  
  54  6:08  Shield Battery  
  55  6:12  Pylon  
  55  6:18  Zealot  
  49  6:19  Immortal (Chrono Boost)  
  45  6:27  Probe x2  
  42  6:52  Probe  
  41  6:55  Immortal (Chrono Boost), Zealot  
  41  6:56  Probe  
  48  7:04  Probe  
  48  7:08  Probe  
  50  7:16  Probe  
  50  7:20  Probe  
  50  7:22  Charge (Chrono Boost)  
  48  7:23  Protoss Ground Weapons Level 1  
  48  7:28  Probe  
  47  7:32  Probe  
  46  7:37  Phoenix (Chrono Boost)  
  46  7:38  Observer  
  46  7:40  Probe  
  50  7:45  Probe  
  51  7:52  Probe  
  51  7:56  Sentry, Phoenix (Chrono Boost)  
  56  8:05  Immortal  
  60  8:11  Pylon  
  60  8:12  Probe  
  51  9:03  Immortal (Chrono Boost)  
  51  9:05  Probe  
  51  9:07  Probe  
  53  9:10  Gateway  
  53  9:12  Gateway  
  53  9:13  Gateway, Void Ray  
  53  9:14  Zealot  
  55  9:17  Probe  
  55  9:23  Gateway  
  60  9:24  Gateway  
  60  9:27  Probe  
  60  9:28  Pylon  
  62  9:35  Immortal (Chrono Boost)  
  66  9:41  Zealot  
  67  9:59  Nexus  
  66  10:12  Zealot x3  
  72  10:18  Zealot  
  72  10:21  Dark Shrine  
  74  10:25  Assimilator  
  74  10:33  Zealot x2  
  78  10:42  Zealot x4  
  70  11:16  Zealot x2  
  70  11:17  Zealot x3  
  57  11:35  Dark Templar  

Tags
 
Add a new tag
Caveats
  • Supply blocks, unpowered buildings, or Contaminate may cause inaccurate times.
  • Supply counts are checked every 10 seconds.